 Dungeon Crawl Stone Soup version 0.22.0-38-g04b72b8c25 (webtiles) character file.

9577 Freyura the Slicer (level 11, -3/83 HPs)
             Began as a Vampire Fighter on Aug 26, 2018.
             Was a Believer of Dithmenos.
             Slain by a deep troll (9 damage)
             ... on level 9 of the Dungeon on Aug 27, 2018.
             The game lasted 00:51:34 (10352 turns).

Freyura the Slicer (Vampire Fighter)               Turns: 10352, Time: 00:51:35

Health: -3/83      AC: 20    Str: 15    XL:     11   Next: 24%
Magic:  13/13      EV: 11    Int: 10    God:    Dithmenos [**....]
Gold:   464        SH: 10    Dex: 18    Spells: 10/10 levels left

rFire    . . .     SeeInvis +   a - +3 rapier
rCold    + . .     Gourm    .   c - +0 shield
rNeg     + + .     Faith    .   h - +1 shadow dragon scales
rPois    +         Spirit   .   w - +0 helmet
rElec    .         Reflect  .   q - +0 cloak
rCorr    .         Harm     .   (no gloves)
MR       +....                  (no boots)
Stlth    +++++++++.             (no amulet)
HPRegen  0.11/turn              k - +5 ring of protection
MPRegen  0.13/turn              p - +2 ring of evasion

@: regenerating slowly, wreathed by umbra
A: fangs 3, see invisible, unbreathing
a: Bat Form, Shadow Step, Renounce Religion


You were on level 9 of the Dungeon.
You worshipped Dithmenos.
Dithmenos was pleased with you.
You were near bloodless.

You visited 2 branches of the dungeon, and saw 10 of its levels.

You collected 464 gold pieces.

Inventory:

Hand Weapons
 a - a +3 rapier (weapon)
Armour
 c - a +0 shield (worn)
 h - +1 shadow dragon scales (worn)
 q - a +0 cloak (worn)
 w - a +0 helmet (worn)
Jewellery
 k - a +5 ring of protection (left hand)
 p - a +2 ring of evasion (right hand)
 z - an uncursed amulet of regeneration {unknown}
Wands
 r - a wand of digging (15)
 y - a wand of iceblast (18)
 B - a wand of polymorph (15)
Scrolls
 d - a scroll of identify
 j - 3 scrolls of teleportation
 m - a scroll of magic mapping
 u - 4 scrolls of remove curse
Potions
 e - 25 potions of blood
 f - a potion of magic
 g - 3 potions of flight
 i - 4 potions of lignification
 l - 4 potions of curing
 n - a potion of invisibility
 o - a potion of mutation
 s - 3 potions of brilliance
 v - 4 potions of cancellation
 x - a potion of degeneration {unknown}
 C - a potion of ambrosia


   Skills:
 + Level 6.6 Fighting
 * Level 10.6 Short Blades
 - Level 5.0 Armour
 + Level 7.3 Dodging
 + Level 10.2 Stealth
 + Level 6.7 Shields
 + Level 3.6 Invocations


You had 10 spell levels left.
You didn't know any spells.
Your spell library contained the following spells:

 Spells                   Type           Power        Failure   Level  Hunger
 Animate Skeleton         Necr           N/A          100%        1    ##.....
 Apportation              Tloc           #.....       100%        1    ##.....
 Beastly Appendage        Tmut           #.....       100%        1    ##.....
 Confusing Touch          Hex            #.....       100%        1    ##.....
 Magic Dart               Conj           #...         100%        1    ##.....
 Summon Small Mammal      Summ           #...         100%        1    ##.....
 Searing Ray              Conj           #.....       100%        2    ###....
 Sticks to Snakes         Tmut           #.......     100%        2    ###....
 Dazzling Spray           Conj/Hex       #.....       100%        3    ####...
 Spider Form              Tmut/Pois      #.........   100%        3    ####...
 Force Lance              Conj/Tloc      #.......     100%        4    #####..
 Fulminant Prism          Conj/Hex       #.........   100%        4    #####..
 Ice Form                 Ice/Tmut       #.......     100%        4    #####..
 Iskenderun's Mystic Bla  Conj           #.......     100%        4    #####..
 Blade Hands              Tmut           #.........   100%        5    ######.


Dungeon Overview and Level Annotations

Branches:
Dungeon (9/15)             Temple (1/1) D:7            Lair (0/6) D:9
    Orc: D:9-12

Altars:
Ashenzari
Cheibriados
Dithmenos
Elyvilon
Fedhas
Gozag
Hepliaklqana
Kikubaaqudgha
Makhleb
Nemelex Xobeh
Okawaru
Qazlal
Ru
Sif Muna
Trog
Uskayaw
Vehumet
Wu Jian
Xom
Yredelemnul
Zin
The Shining One

Shops:
D:8 **   D:9 (:


Innate Abilities, Weirdness & Mutations

You heal slowly.
You have razor-sharp teeth.
You have supernaturally acute eyesight. (SInv)
You can survive without breathing.


Message History

The deep troll closely misses you. The deep troll claws you.
* * * LOW HITPOINT WARNING * * *
You closely miss the deep troll.
The deep troll is almost dead.
The deep troll bites you!
* * * LOW HITPOINT WARNING * * *
The deep troll claws you.
* * * LOW HITPOINT WARNING * * *
The deep troll claws you.
* * * LOW HITPOINT WARNING * * *
You hit the deep troll.
The deep troll is almost dead.
A centaur skeleton comes into view.
You block the deep troll's attack.
The deep troll claws you but does no damage.
You block the deep troll's attack.
You hit the deep troll.
The deep troll is almost dead.
The deep troll bites you!
You die...

#............≈≈≈ ≈≈≈....<.
.............≈####≈≈......
.............≈#..#≈≈......
.#..#........≈#..#≈≈......
≈#.##........≈#..#≈≈......
.#.##........≈##[#≈≈......
.............≈≈≈.≈≈≈......
............(.............
#............≈≈≈@≈≈≈.....<
.............≈≈#T##≈......
##'#.........≈≈#TT#≈......
...+......Z..≈≈#T.#≈......
...###.......≈≈#?.#≈......
.....#.......≈≈####≈......
.....#.......≈≈≈≈≈≈≈......
.....#.......≈≈≈≈≈≈
.....#.......≈≈≈≈≈≈


You could see a deep troll, 3 trolls and a centaur skeleton.

Vanquished Creatures
  A hydra (D:8)
  A tengu warrior (D:8)
  6 trolls (D:9)
  A tengu conjurer (D:8)
  Grinder (D:6)
  2 hornets
  2 dream sheep (D:8)
  A hippogriff (D:7)
  Sigmund (D:3)
  A wraith (D:7)
  10 yaks
  Menkaure (D:6)
  A water moccasin (D:8)
  An orc warrior (D:6)
  4 ice beasts
  2 necrophages (D:7)
  A phantom (D:9)
  2 ogres
  2 centaurs
  3 big kobolds (D:8)
  An elf zombie (D:7)
  3 bullfrogs
  An elf skeleton (D:7)
  4 scorpions
  12 killer bees
  A wight (D:7)
  3 crimson imps
  4 hounds
  3 jellies
  3 human zombies (D:7)
  2 orc priests
  Crazy Yiuf (D:2)
  2 bullfrog skeletons (D:8)
  A centaur skeleton (D:9)
  Jessica (D:2)
  2 iguanas
  7 orc wizards
  4 worker ants
  A hound zombie (D:5)
  2 hound skeletons
  3 mummies (D:7)
  A worker ant zombie (D:6)
  A howler monkey zombie (D:8)
  4 gnolls (D:4)
  11 adders
  A shadow imp (D:5)
  5 worms
  2 dart slugs
  4 leopard geckos
  29 orcs
  5 ball pythons
  5 giant cockroaches
  2 gnoll zombies (D:5)
  8 goblins
  10 hobgoblins
  14 jackals
  3 kobolds
  6 quokkas
  6 bats
  3 frilled lizards
  2 jackal skeletons
  2 leopard gecko skeletons
  5 rats
234 creatures vanquished.

Vanquished Creatures (others)
  2 orc wizards
2 creatures vanquished.

Grand Total: 236 creatures vanquished

Notes
Turn   | Place    | Note
-------+----------+-------------------------------------------
     0 | D:1      | Freyura the Vampire Fighter began the quest for the Orb.
     0 | D:1      | Reached XP level 1. HP: 17/17 MP: 1/1
   323 | D:1      | Reached skill level 1 in Stealth
   323 | D:1      | Reached XP level 2. HP: 19/23 MP: 2/2
   787 | D:2      | Noticed Jessica
   794 | D:2      | Killed Jessica
   794 | D:2      | Reached skill level 1 in Dodging
   794 | D:2      | Reached XP level 3. HP: 29/29 MP: 3/3
  1013 | D:2      | Found a stormy altar of Qazlal.
  1109 | D:2      | Reached XP level 4. HP: 29/35 MP: 4/4
  1334 | D:2      | Found a runed door.
  1631 | D:2      | Noticed Crazy Yiuf
  1651 | D:2      | Killed Crazy Yiuf
  2243 | D:3      | Reached XP level 5. HP: 18/41 MP: 5/5
  2504 | D:3      | Noticed Sigmund
  2531 | D:3      | Killed Sigmund
  2531 | D:3      | Reached XP level 6. HP: 45/47 MP: 6/6
  2690 | D:3      | Found an ornate altar of the Wu Jian Council.
  2786 | D:3      | Reached skill level 5 in Short Blades
  2786 | D:3      | Reached XP level 7. HP: 39/53 MP: 7/7
  3896 | D:4      | HP: 2/53 [orc/falchion of electrocution (14)]
  4219 | D:4      | Found a blossoming altar of Fedhas.
  4333 | D:5      | Entered Level 5 of the Dungeon
  4392 | D:5      | Found a basalt altar of Yredelemnul.
  4497 | D:5      | Reached skill level 5 in Stealth
  4537 | D:5      | Reached XP level 8. HP: 49/60 MP: 8/8
  4877 | D:5      | Found a shattered altar of Ashenzari.
  5091 | D:6      | Noticed Menkaure
  5098 | D:6      | Killed Menkaure
  5608 | D:6      | Noticed Grinder
  5628 | D:6      | Paralysed by Grinder for 6 turns
  5643 | D:6      | Paralysed by Grinder for 6 turns
  5659 | D:6      | Killed Grinder
  5725 | D:6      | Found a glowing golden altar of the Shining One.
  5981 | D:7      | Found a staircase to the Ecumenical Temple.
  6009 | Temple   | Entered the Ecumenical Temple
  6209 | Temple   | Became a worshipper of Dithmenos the Shadowed
  6276 | D:7      | Noticed a hippogriff
  6294 | D:7      | Reached XP level 9. HP: 59/67 MP: 9/9
  6355 | D:7      | Reached skill level 5 in Fighting
  6373 | D:7      | Reached skill level 5 in Shields
  6633 | D:7      | Reached skill level 5 in Dodging
  6918 | D:7      | Reached * piety under Dithmenos
  7351 | D:7      | Found a basalt altar of Yredelemnul.
  8138 | D:7      | Found an ancient bone altar of Kikubaaqudgha.
  8141 | D:7      | Found a deep blue altar of Sif Muna.
  8227 | D:8      | Found an opulent altar of Gozag.
  8228 | D:8      | Found Gozag's Platinum Reserve.
  8282 | D:8      | Reached skill level 5 in Armour
  8336 | D:8      | Reached skill level 1 in Invocations
  8386 | D:8      | Reached XP level 10. HP: 72/74 MP: 10/10
  8463 | D:8      | Found a flagged portal.
  8646 | D:8      | Found a white marble altar of Elyvilon.
  8646 | D:8      | Noticed a tengu warrior
  8673 | D:8      | Killed a tengu warrior
  8673 | D:8      | Reached ** piety under Dithmenos
  8725 | D:8      | Found Urchef's Serpentskin Sales.
  8875 | D:8      | Noticed a three-headed hydra
  8879 | D:8      | Killed a three-headed hydra
  8976 | D:9      | Found Faref's Weapon Emporium.
  8981 | D:9      | Found Teit Haz's Book Shop.
  8987 | D:9      | Found a glowing silver altar of Zin.
  9055 | D:9      | Reached skill level 10 in Short Blades
  9586 | D:9      | Found a staircase to the Lair.
  9631 | D:9      | Reached XP level 11. HP: 64/83 MP: 13/13
  9756 | D:9      | Reached skill level 10 in Stealth
 10321 | D:9      | Noticed a deep troll
 10352 | D:9      | Slain by a deep troll

Skill      XL: |  1  2  3  4  5  6  7  8  9 10 11 |
---------------+----------------------------------+-----
Stealth        | 1 2 3 4 5 6 8 9 10 | 10.2
Fighting       | 3 4 5 6 |  6.6
Short Blades   | 3 4 5 7 8 10 | 10.6
Dodging        | 1 2 3 4 5 7 |  7.3
Shields        | 3 4 5 6 |  6.7
Armour         | 3 4 5 |  5.0
Invocations    | 1 3 |  3.6

Action                   |  1- 3 |  4- 6 |  7- 9 | 10-12 || total
-------------------------+-------+-------+-------+-------++-------
Melee: Rapier            |    79 |   110 |   683 |   349 ||  1221
       Bite              |     7 |    11 |    79 |    62 ||   159
  Use: Potion            |       |     5 |     8 |     3 ||    16
       Scroll            |       |       |     6 |    14 ||    20
 Stab: Sleeping          |     4 |    10 |    24 |     9 ||    47
       Distracted        |       |       |     3 |     1 ||     4
Armor: Scale mail        |    18 |       |       |       ||    18
       Shadow dragon sca |    23 |    49 |   259 |   135 ||   466
Dodge: Dodged            |     5 |    25 |   170 |   124 ||   324
Block: Shield            |    34 |    48 |   257 |   178 ||   517
